 Dungeon Crawl Stone Soup version 0.23.2-1-ga50397a (webtiles) character file.

Game seed: 5718339511653542319

310 troglodite the Magician (level 6, -5/28 HPs)
             Began as a Spriggan Venom Mage on May 23, 2019.
             Killed by nerve-wracking pain
             ... invoked by an orc priest
              (14 damage)
             ... on level 4 of the Dungeon.
             The game lasted 00:23:54 (5202 turns).

troglodite the Magician (Spriggan Venom Mage)       Turns: 5202, Time: 00:23:55

Health: -5/28      AC:  9    Str:  4    XL:     6   Next: 18%
Magic:  12/14      EV: 19    Int: 17    God:
Gold:   251        SH:  0    Dex: 18    Spells: 2/14 levels left

rFire    . . .     SeeInvis +   m - +0 dagger (protect)
rCold    . . .     Gourm    .   (shield restricted)
rNeg     . . .     Faith    .   a - +0 robe
rPois    .         Spirit   .   (helmet restricted)
rElec    .         Reflect  .   (no cloak)
rCorr    +         Harm     .   (gloves unavailable)
MR       +....                  (boots unavailable)
Stlth    +++.......             (no amulet)
HPRegen  0.09/turn              j - ring of resist corrosion
MPRegen  0.14/turn              (no ring)

@: protection aura, very quick
A: very small, unfitting armour, see invisible, herbivore, speed 3, slow
metabolism 2
a: no special abilities


You were on level 4 of the Dungeon.
You were not hungry.

You visited 1 branch of the dungeon, and saw 4 of its levels.

You collected 251 gold pieces.

Inventory:

Hand Weapons
 m - a +0 dagger of protection (weapon)
Missiles
 f - 85 sling bullets
 o - 57 stones (quivered)
Armour
 a - a +0 robe (worn)
Magical Staves
 p - an uncursed staff of cold
Jewellery
 j - a ring of resist corrosion (left hand)
Wands
 q - a wand of disintegration (7)
Scrolls
 d - 7 scrolls of enchant weapon {unknown}
 e - 7 scrolls of amnesia {unknown}
 g - 3 scrolls of remove curse {unknown}
 k - 4 scrolls of identify {unknown}
 l - a scroll of enchant armour {unknown}
 n - 4 scrolls of teleportation {unknown}
Potions
 b - a potion of haste {unknown}
 h - 2 potions of heal wounds {unknown}
 i - 3 potions of curing {unknown}
 r - 2 potions of might {unknown}
 s - a potion of lignification {unknown}
 t - a potion of magic {unknown}
 u - a potion of ambrosia {unknown}
Comestibles
 c - 7 rations


   Skills:
 * Level 1.6 Short Blades
 * Level 4.0 Dodging
 * Level 4.1 Stealth
 * Level 4.9 Spellcasting
 * Level 2.0 Conjurations
 * Level 0.4 Air Magic
 * Level 4.1 Poison Magic


You had 2 spell levels left.
You knew the following spells:

 Your Spells              Type           Power        Failure   Level  Hunger
a - Sting                 Conj/Pois      ##..         4%          1    None
b - Venom Bolt            Conj/Pois      ##........   75%         5    ######.
c - Olgreb's Toxic Radia  Pois           ###.....     26%         4    ####...
d - Poisonous Vapours     Pois/Air       ##....       9%          2    #......

Your spell library contained the following spells:

 Spells                   Type           Power        Failure   Level  Hunger
 Mephitic Cloud           Conj/Pois/Air  ##......     17%         3    ###....


Dungeon Overview and Level Annotations

Branches:
Dungeon (4/15)
 Temple: D:4-7

Altars:
Ru
Wu Jian

Annotations:
D:3 Grinder
D:4 Pikel


Innate Abilities, Weirdness & Mutations

You are very small and have problems with some larger weapons.
You are too small for most types of armour.
You have supernaturally acute eyesight. (SInv)
You are a herbivore.
You cover ground extremely quickly.
You need to consume almost no food.


Message History

* * * LOW HITPOINT WARNING * * *
You hit the orc priest but do no damage.
Your weapon exudes an aura of protection.
The orc priest is severely wounded.
The orc priest hits you but does no damage.
You hit the orc priest but do no damage.
The orc priest is severely wounded.
The orc priest invokes the aid of Beogh against you.
You resist with significant effort.
You hit the orc priest but do no damage.
The orc priest is almost dead.
You closely miss the orc priest.
The orc priest is almost dead.
The orc priest begins to cast a cantrip, but forgets the words!
You hit the orc priest but do no damage.
The orc priest is almost dead.
The orc priest invokes the aid of Beogh against you.
Pain shoots through your body!
Ouch! That really hurt!
You die...

## ####.. #.....########
#....#..?..... #### #..#
#........ .[..#####..#
#........
.#####.......@###........
o.............o.)........
....#........####........
....#........# #........
.............# #.......(
##.%......)..# #o.......
##..........####o.#.####
####......^.......##.#
.............####.# #


You could see an orc priest.

Vanquished Creatures
  2 slaves (D:3)
  An ogre (D:4)
  An orc wizard (D:2)
  9 adders
  5 worms
  4 dart slugs
  5 leopard geckos
  6 orcs
  2 ball pythons
  5 giant cockroaches
  3 goblins
  13 hobgoblins
  6 jackals
  5 kobolds
  3 quokkas
  9 bats
  3 frilled lizards (D:2)
  8 rats
90 creatures vanquished.

Notes
Turn   | Place    | Note
-------+----------+-------------------------------------------
     0 | D:1      | troglodite the Spriggan Venom Mage began the quest for the
                  | Orb.
     0 | D:1      | Reached XP level 1. HP: 9/9 MP: 5/5
   440 | D:1      | Reached XP level 2. HP: 13/13 MP: 5/7
  1111 | D:1      | Reached skill level 1 in Conjurations
  1239 | D:2      | Reached XP level 3. HP: 16/16 MP: 4/8
  1683 | D:2      | Reached XP level 4. HP: 21/21 MP: 2/10
  1825 | D:2      | Reached skill level 1 in Short Blades
  2740 | D:3      | Found a sacrificial altar of Ru.
  3162 | D:3      | Reached XP level 5. HP: 24/24 MP: 7/12
  3188 | D:3      | Learned a level 5 spell: Venom Bolt
  3193 | D:3      | Learned a level 4 spell: Olgreb's Toxic Radiance
  3196 | D:3      | Learned a level 2 spell: Poisonous Vapours
  3461 | D:3      | Found an ornate altar of the Wu Jian Council.
  3603 | D:3      | Noticed Grinder
  3742 | D:3      | Paralysed by Grinder for 5 turns
  4451 | D:4      | Noticed a slave
  4456 | D:4      | Noticed a slave
  4459 | D:4      | Noticed Pikel
  4464 | D:4      | Noticed a slave
  4465 | D:4      | Noticed a slave
  4489 | D:3      | Killed a slave
  4532 | D:3      | Killed a slave
  4789 | D:4      | Noticed an ogre
  4814 | D:4      | Killed an ogre
  4814 | D:4      | Reached XP level 6. HP: 28/28 MP: 6/14
  5202 | D:4      | Killed from afar by an orc priest

Skill      XL: |  1  2  3  4  5 |
---------------+----------------+-----
Spellcasting   | 3 4 |  4.9
Conjurations   | 1 2 |  2.0
Short Blades   | 1 |  1.6
Poison Magic   | 4 |  4.1
Stealth        | 4 |  4.1
Dodging        | 4 |  4.0
Air Magic      | |  0.4

Action                   |  1- 3 |  4- 6 || total
-------------------------+-------+-------++-------
Melee: Dagger            |     2 |   129 ||   131
       Unarmed           |     1 |       ||     1
 Cast: Sting             |    80 |   191 ||   271
 Stab: Sleeping          |       |     1 ||     1
  Eat: Ration            |       |     1 ||     1
Armor: Robe              |     7 |    26 ||    33
Dodge: Dodged            |    65 |   134 ||   199
